 Dungeon Crawl Stone Soup version 0.26-a0-597-gb535b0901c (webtiles) character file.

Game seed: 2509287499419377412

15 Lanoc the Chiller (level 2, -1/19 HPs)
             Began as a Vampire Ice Elementalist on Sept 7, 2020.
             Slain by a goblin
             ... wielding a +0 dagger
             ... led by Robin
              (4 damage)
             ... on level 3 of the Dungeon.
             The game lasted 00:01:22 (218 turns).

Lanoc the Chiller (Vampire Ice Elementalist)         Turns: 218, Time: 00:01:23

Health: -1/19      AC:  2    Str:  7    XL:     2   Next: 34%
Magic:  1/5        EV: 13    Int: 17    God:
Gold:   15         SH:  0    Dex: 14    Spells: 4/5 levels left

rFire    . . .     SeeInvis +   (no weapon)
rCold    . . .     Faith    .   (no shield)
rNeg     . . .     Spirit   .   a - +0 robe
rPois    .         Reflect  .   (no helmet)
rElec    .         Harm     .   (no cloak)
rCorr    .                      (no gloves)
MR       .....                  (no boots)
Stlth    ++........             (no amulet)
HPRegen  0.26/turn              (no ring)
MPRegen  0.09/turn              (no ring)

@: regenerating quickly, lightly drained
A: fangs 3, see invisible, unbreathing
a: Exsanguinate


You were on level 3 of the Dungeon.
You visited 1 branch of the dungeon, and saw 3 of its levels.

You collected 15 gold pieces.

Inventory:

Armour
 a - a +0 robe (worn)
Potions
 c - a potion of ambrosia {unknown}
 d - a potion of haste {unknown}
 f - a potion of curing {unknown}


   Skills:
 + Level 2.6(2.3) Dodging
 - Level 3.0(2.7) Stealth
 - Level 2.0(1.7) Spellcasting
 * Level 4.4(4.1) Ice Magic


You had 4 spell levels left.
You knew the following spells:

 Your Spells              Type           Power        Failure   Level
a - Freeze                Ice            ###.         3%          1

Your spell library contained the following spells:

 Spells                   Type           Power        Failure   Level
 Frozen Ramparts          Ice            ###...       11%         3
 Ozocubu's Armour         Ice            ###.....     11%         3
 Hailstorm                Conj/Ice       #.......     63%         4
 Summon Ice Beast         Ice/Summ       #.......     63%         4


Dungeon Overview and Level Annotations

Branches:
Dungeon (3/15)

Altars:
Makhleb
Xom

Annotations:
D:3 Robin


Innate Abilities, Weirdness & Mutations

Your natural rate of healing is unusually fast.
You have razor-sharp teeth.
You have supernaturally acute eyesight. (SInv)
You can survive without breathing.


Message History

Your hands glow shining charcoal for a moment.
It was a scroll of random uselessness.
The hobgoblin hits you but does no damage.
Robin barely misses you.
As you read the scroll labeled JOLULU BUIS, it crumbles to dust.
You feel aware of your surroundings.
It was a scroll of magic mapping.
The hobgoblin closely misses you. Robin throws the goblin at you!
The goblin completely misses you.
The crimson imp blinks!
The goblin closely misses you. Robin throws the goblin at you!
The crimson imp hits you with a +0 dagger of chaos.
The goblin closely misses you. The hobgoblin barely misses you.
Robin roars a battlecry!
The hobgoblin goes into a battle-frenzy!
The crimson imp blinks!
The crimson imp closely misses you.
You hit the crimson imp but do no damage.
The hobgoblin hits you!
* * * LOW HITPOINT WARNING * * *
The goblin hits you with a +0 dagger.
You die...

#### ******** (..# *,,,,,,* ##.#
*,,,,,,* #.# *,,,,,,* #g#
*,,,,,,* #g# *,,,,,,****** #.#
*,,,,,,,,,,,* #g#
#####,,,,,,,,,,* #g#
###@5_#,,,,,,,,,,* #.#
#.ggg.#,,,,,,,,,,*
##.###########.#.._#***,,,,,,,***
.........g.g...#####+,,,,,,,,,+,,
.#.##....#######*,,,**,,,,,,,,***
.#.##....# *,,,**,,,,,,,,*
.#..'....###### *,,,**,********
.####.........# *,,,**,*
.####.###.....# ******,*


You could see Robin, a crimson imp, a hobgoblin (strong) and a goblin (strong).

Vanquished Creatures
  An adder (D:3)
  4 goblins (D:3)
5 creatures vanquished.

Notes
Turn   | Place    | Note
-------+----------+-------------------------------------------
     0 | D:1      | Lanoc the Vampire Ice Elementalist began the quest for the
                  | Orb.
     0 | D:1      | Reached XP level 1. HP: 13/13 MP: 3/3
    52 | D:3      | Reached XP level 2. HP: 15/19 MP: 0/5
   158 | D:3      | Noticed Robin
   204 | D:3      | Found a burning altar of Makhleb.
   204 | D:3      | Found a shimmering altar of Xom.
   204 | D:3      | Noticed a crimson imp
   218 | D:3      | Slain by a goblin

Illustrated notes

Levels and vault maps discovered:
D:1:      minmay_arrival_floating_metal, layout_basic
D:2:      minmay_razor_zed, layout_basic, nicolae_ru_the_path_less_chosen
D:3:      layout_basic, grunt_temple_overflow_champion_of_chaos, uniq_robin

Action                   || total
-------------------------++-------
Melee: Unarmed           ||     8
Throw: Dart              ||     3
 Cast: Freeze            ||    12
  Use: Scroll            ||     2
Armor: Robe              ||     2
Dodge: Dodged            ||    21

Table legend: (Time is in decaauts)
 A = Elapsed time spent in this place.
 B = Non-inter-level travel time spent in this place.
 C = Inter-level travel time spent in this place.
 D = Time resting spent in this place.
 E = Time spent auto-exploring this place.
 F = Levels seen in this place.
 G = Mean time per level.
                   A        B        C        D        E       F      G
               +--------+--------+--------+--------+--------+-----+--------+
         Total |    217 |    217 |      0 |      0 |    117 |   3 |   72.3 |
       Dungeon |    217 |    217 |      0 |      0 |    117 |   3 |   72.3 |
               +--------+--------+--------+--------+--------+-----+--------+

Top non-repeatable levels by time:
     D:3: 200 daAuts
     D:2: 14 daAuts
     D:1: 2 daAuts
